 Dungeon Crawl Stone Soup version 0.17-a0-129-g9432df0 (webtiles) character file.

6679 PolkaDot the Bewitcher (level 10, -4/63 HPs)
             Began as a Vampire Enchanter on Mar 24, 2015.
             Was an Initiate of Gozag.
             Slain by a raven (10 damage)
             ... on level 10 of the Dungeon.
             The game lasted 00:32:43 (12271 turns).

PolkaDot the Bewitcher (Vampire Enchanter)         Turns: 12271, Time: 00:32:44

Health: -4/63      AC:  8    Str:  7      XL:     10   Next: 73%
Magic:  16/16      EV: 11    Int: 20      God:    Gozag
Gold:   778        SH:  4    Dex: 11 (14) Spells: 4 memorised, 3 levels left

rFire  + . .     SeeInvis +     i - +2 dagger (elec)
rCold  + + .     Clarity  .     b - +1 robe
rNeg   + + +     SustAb   .     j - +1 buckler {rF+}
rPois  ∞         Gourm    .     A - +3 hat "Neecsy Janoff" {+Fly}
rElec  .         Spirit   .     z - +1 cloak
rCorr  .         Warding  .     (no gloves)
rMut   .         Stasis   .     (no boots)
MR     +....                    (no amulet)
Stlth  +++++++...               (no ring)
                                m - ring of stealth

@: bloodless, non-regenerating, somewhat resistant to hostile enchantments,
extremely stealthy
A: bottle blood, fangs 3, see invisible, unbreathing
a: Bat Form, Potion Petition, Call Merchant, Bribe Branch, Renounce Religion,
Evoke Flight


You were on level 10 of the Dungeon.
You worshipped Gozag.
Gozag was noncommittal.
You were bloodless.

You visited 2 branches of the dungeon, and saw 11 of its levels.
You also visited: Ossuary.

You collected 1648 gold pieces.
You spent 713 gold pieces at shops.
You paid 157 gold pieces to Gozag.

Inventory:

Hand weapons
 i - a +2 dagger of electrocution (weapon)
Armour
 b - a +1 robe (worn)
 j - a +1 buckler of fire resistance (worn)
 z - a +1 cloak (worn)
 A - the +3 hat "Neecsy Janoff" (worn) {+Fly}
   (You bought it in a shop on level 7 of the Dungeon)

   It lets you fly.
Jewellery
 m - a ring of stealth (left hand)
Magical devices
 c - a wand of confusion (22)
 l - a wand of confusion (10)
 y - a wand of fireball (5)
Scrolls
 e - 3 scrolls of immolation
 f - 2 scrolls of magic mapping
 h - a scroll of summoning
 k - 5 scrolls of teleportation
 n - 2 scrolls of enchant armour
 q - a scroll of amnesia
 t - a scroll of noise {unknown}
 u - a scroll of fog {unknown}
 w - a scroll of brand weapon {unknown}
 x - a scroll of recharging {unknown}
 B - a scroll of holy word {unknown}
 C - 4 scrolls of enchant weapon
Potions
 a - 3 potions of curing
 d - 3 potions of brilliance
 g - 4 potions of cancellation
 o - a potion of invisibility {unknown}
 p - 5 potions of restore abilities
 s - a potion of resistance
 v - a potion of might {unknown}
Books
 r - a Necronomicon {highlevel, unknown}

   This book is beyond your current level of understanding.

   Spells                             Type                      Level
   a - Haunt                          Necromancy/Summoning         7
   b - Borgnjor's Revivification      Necromancy                   8
   c - Death's Door                   Charms/Necromancy            8
   d - Necromutation                  Transmutation/Necromancy     8
 D - a book of Debilitation

   Spells                             Type                      Level
   a - Corona                         Hexes                        1
   b - Slow                           Hexes                        2
   c - Inner Flame                    Hexes/Fire                   3
   d - Enslavement                    Hexes                        4
   e - Cause Fear                     Hexes                        4
   f - Leda's Liquefaction            Hexes/Earth                  4


   Skills:
 + Level 9.4 Short Blades
 - Level 2.1 Dodging
 + Level 10.9 Stealth
 - Level 2.0 Spellcasting
 * Level 16.5 Hexes
 - Level 2.5 Ice Magic


You had 3 spell levels left.
You knew the following spells:

 Your Spells              Type           Power        Failure   Level  Hunger
a - Corona                Hex            ######.      1%          1    #......
c - Confuse               Hex            ######..     1%          3    ###....
d - Ensorcelled Hibernat  Hex/Ice        #####.       1%          2    ##.....
e - Enslavement           Hex            ######..     1%          4    #####..


Dungeon Overview and Level Annotations

Branches:
Dungeon (10/15)            Temple (1/1) D:5            Lair (0/8) D:9
    Orc: D:9-12

Altars:
Ashenzari
Cheibriados
Dithmenos
Elyvilon
Fedhas
Gozag
Kikubaaqudgha
Makhleb
Nemelex Xobeh
Okawaru
Qazlal
Ru
Sif Muna
Trog
Vehumet
Xom
Yredelemnul
Zin
The Shining One

Shops:
D:7 [   D:8 (


Innate Abilities, Weirdness & Mutations

You do not heal naturally.
You can bottle blood from corpses.
You have razor-sharp teeth.
You have supernaturally acute eyesight.
You can survive without breathing.


Message History

The hound bites you but does no damage. The raven pecks you!
* * * LOW HITPOINT WARNING * * *
The raven barely misses you. The raven pecks you but does no damage.
The raven claws you but does no damage. The raven completely misses you.
The raven completely misses you.
The orc wizard hits you but does no damage.
The ogre hits your scorpion with a giant club.
The hound barely misses you. The raven pecks you.
* * * LOW HITPOINT WARNING * * *
The raven claws you but does no damage.
Read which item? (? for menu, Esc to quit)
Okay, then.
Drink which item? (? for menu, Esc to quit)
You feel better. The raven pecks you but does no damage. The raven claws you.
* * * LOW HITPOINT WARNING * * *
The raven barely misses you. x2
The raven closely misses you. x2
The raven pecks you!
You die...
Your body crumbles into a pile of gold.

...............####.(#<
#.....................#$
##..........#
##.####..#.
..$(........# ## #..#$
#....bYY..[# #. #..#.
#.....obQ..# #. #..#$
#....ooZO..# #.## #..#z
##?..shobs.# #..####(.#O
##(.ob@bY.####..#....##
#######M..# ##...#..).
##..# #......##
#..####.##...##
#......<##.#..>
#.#.....##.###.
##...###.##.# ## #..###
#.#..# # #..# #.#.## #


You could see a tengu warrior, 2 yaks, 5 ravens, an orc warrior, an ogre, a
hound, an orc wizard, a giant mite, 3 orcs, a hound skeleton, a friendly sky
beast, a friendly mummy and a friendly scorpion.

Vanquished Creatures
  Pikel (D:5)
  The ghost of haldagan the Ruffian, an experienced CeFi (Ossuary)
  A troll (D:10)
  The ghost of Pikaro the Chiller, an average MfIE of Vehumet (D:4)
  A hippogriff (D:8)
  Eustachio (D:10)
  Menkaure (D:6)
  A water moccasin (D:8)
  3 orc warriors
  An ice beast (D:5)
  4 ogres
  3 phantoms
  A black bear (D:9)
  A sky beast (D:7)
  A necrophage (D:10)
  Sigmund (D:5)
  2 crocodiles
  6 giant frogs
  4 big kobolds
  12 killer bees
  2 water moccasin zombies (Ossuary)
  5 scorpions
  A centaur zombie (D:7)
  2 hounds
  2 jellies
  3 crimson imps (D:5)
  4 orc wizards
  Crazy Yiuf (D:6)
  4 orc priests
  7 iguanas
  2 giant frog skeletons
  8 worker ants
  4 big kobold zombies (Ossuary)
  Ijyb (D:7)
  Jessica (D:2)
  A hound skeleton (D:7)
  A hound zombie (D:5)
  Terence (D:2)
  A worker ant zombie (D:9)
  4 gnolls (D:3)
  14 adders
  4 worms
  7 adder zombies (Ossuary)
  2 adder skeletons
  3 giant geckos (D:7)
  11 orcs
  17 bats
  A bat skeleton (D:4)
  10 giant cockroaches
  A gnoll zombie (Ossuary)
  17 goblins
  17 hobgoblins
  5 quokkas
  A ball python (D:4)
  7 giant newts
  4 hobgoblin zombies (Ossuary)
  7 jackals
  A jackal skeleton (D:4)
  36 kobolds
  2 kobold zombies (Ossuary)
  4 orc zombies (Ossuary)
  A quokka zombie (D:6)
  15 rats
  A rat zombie (D:6)
  2 fungi
292 creatures vanquished.

Vanquished Creatures (collateral kills)
  A queen bee (D:9)
  A big kobold (D:9)
  6 killer bees (D:9)
  A mummy (Ossuary)
  2 kobolds (D:9)
  A kobold zombie (Ossuary)
12 creatures vanquished.

Vanquished Creatures (others)
  A wizard (D:3)
  A trapdoor spider zombie (D:10)
  2 slaves (D:5)
  4 killer bees (D:9)
  A worker ant (D:5)
  A mummy (Ossuary)
  A jackal (D:5)
  A bat (D:5)
  A giant spore (D:8)
  A rat (D:5)
14 creatures vanquished.

Grand Total: 318 creatures vanquished

Notes
Turn   | Place    | Note
--------------------------------------------------------------
     0 | D:1      | PolkaDot, the Vampire Enchanter, began the quest for the Orb.
     0 | D:1      | Reached XP level 1. HP: 13/13 MP: 3/3
   732 | D:1      | Reached XP level 2. HP: 13/19 MP: 4/4
   739 | D:1      | Learned a level 2 spell: Ensorcelled Hibernation
  1339 | D:1      | Reached skill level 5 in Stealth
  1340 | D:1      | Reached skill level 5 in Hexes
  1625 | D:2      | Noticed Terence
  1637 | D:2      | Killed Terence
  1637 | D:2      | Reached XP level 3. HP: 10/24 MP: 0/6
  2095 | D:2      | Noticed Jessica
  2096 | D:2      | Reached skill level 1 in Ice Magic
  2110 | D:2      | Killed Jessica
  2203 | D:2      | Reached XP level 4. HP: 22/30 MP: 7/7
  2803 | D:2      | Learned a level 3 spell: Confuse
  3231 | D:3      | Found a bloodstained altar of Trog.
  3231 | D:3      | Noticed a wizard
  3238 | D:3      | Killed a wizard
  3371 | D:3      | Reached skill level 6 in Hexes
  3374 | D:3      | Reached XP level 5. HP: 14/35 MP: 0/9
  4344 | D:4      | Noticed Pikaro's ghost (average MfIE)
  4427 | D:4      | Reached skill level 7 in Hexes
  4696 | D:4      | Killed Pikaro's ghost
  4696 | D:4      | Reached skill level 8 in Hexes
  4696 | D:4      | Reached XP level 6. HP: 41/41 MP: 6/10
  5122 | D:4      | Found an iron altar of Okawaru.
  5122 | D:4      | Found a blossoming altar of Fedhas.
  5169 | D:5      | Entered Level 5 of the Dungeon
  5236 | D:5      | Reached skill level 9 in Hexes
  5236 | D:5      | Reached XP level 7. HP: 46/46 MP: 9/12
  5450 | D:5      | Noticed Sigmund
  5490 | D:5      | Killed Sigmund
  5490 | D:5      | Reached skill level 10 in Hexes
  5968 | D:5      | Learned a level 4 spell: Enslavement
  6034 | D:5      | Reached skill level 5 in Short Blades
  6218 | D:5      | Noticed Pikel
  6232 | D:5      | Killed Pikel
  6232 | D:5      | Reached skill level 12 in Hexes
  6232 | D:5      | Reached XP level 8. HP: 49/52 MP: 4/13
  6285 | D:5      | Found a staircase to the Ecumenical Temple.
  6294 | Temple   | Entered the Ecumenical Temple
  6416 | Temple   | Became a worshipper of Gozag Ym Sagoz the Greedy
  7658 | D:6      | Found a sand-covered staircase.
  7678 | Ossuary  | Entered an ossuary
  7725 | Ossuary  | Reached skill level 13 in Hexes
  7744 | Ossuary  | Reached XP level 9. HP: 36/57 MP: 14/14
  7794 | Ossuary  | Noticed haldagan's ghost (experienced CeFi)
  7826 | Ossuary  | Killed haldagan's ghost
  8106 | D:6      | Noticed Menkaure
  8118 | D:6      | Killed Menkaure
  8467 | D:6      | Reached skill level 14 in Hexes
  8550 | D:6      | Noticed Crazy Yiuf
  8561 | D:6      | Killed Crazy Yiuf
  8744 | D:7      | Noticed Ijyb
  8749 | D:7      | Killed Ijyb
  8856 | D:7      | Found Nele's Armour Shoppe.
  8866 | D:7      | Bought the +3 hat "Neecsy Janoff" {+Fly} for 449 gold pieces
  9782 | D:8      | Reached skill level 15 in Hexes
  9899 | D:8      | Reached XP level 10. HP: 47/63 MP: 13/16
 10017 | D:8      | Found Kiufin's Antique Weapon Shoppe.
 10205 | D:8      | Found a shattered altar of Ashenzari.
 10757 | D:9      | Found a staircase to the Lair.
 11223 | D:9      | Reached skill level 10 in Stealth
 11269 | D:9      | Reached skill level 16 in Hexes
 11816 | D:7      | Bought a +1 buckler of fire resistance for 264 gold pieces
 11878 | D:10     | Entered Level 10 of the Dungeon
 11888 | D:10     | Noticed an ogre mage
 11891 | D:10     | Noticed a centaur warrior
 11897 | D:10     | Noticed a skeletal warrior
 11899 | D:10     | Noticed a hill giant
 11922 | D:10     | Noticed a cyclops
 11982 | D:10     | Noticed Eustachio
 11988 | D:10     | Killed Eustachio
 12260 | D:10     | Noticed a tengu warrior
 12271 | D:10     | Slain by a raven

Action                   |  1- 3 |  4- 6 |  7- 9 | 10-12 || total
-------------------------+-------+-------+-------+-------++-------
Melee: Dagger            |   105 |   135 |   353 |   251 ||   844
 Cast: Ensorcelled Hiber |     2 |    27 |    45 |    26 ||   100
       Corona            |     1 |     1 |     1 |       ||     3
       Confuse           |       |     1 |    16 |       ||    17
       Enslavement       |       |       |     2 |     6 ||     8
  Use: Potion            |       |     1 |     3 |     9 ||    13
       Scroll            |       |       |    13 |     7 ||    20
 Stab: Sleeping          |     7 |    27 |    61 |    29 ||   124
       Confused          |       |     1 |     8 |       ||     9
       Betrayed ally     |       |       |       |     1 ||     1
  Eat: Corpse            |     1 |     1 |     1 |       ||     3
